 Dungeon Crawl Stone Soup version 0.30.1-11-g7821555f0a (webtiles) character file.

Game seed: 13273610892416273051

729 ChrisAssaf the Grave Robber (level 7, -1/50 HPs)
             Began as a Mummy Necromancer on Dec 26, 2023.
             Slain by a black bear (5 damage)
             ... on level 6 of the Dungeon.
             The game lasted 00:17:33 (3015 turns).

ChrisAssaf the Grave Robber (Mummy Necromancer)     Turns: 3015, Time: 00:17:38

Health: -1/50      AC:  3    Str: 12    XL:     7   Next: 44%
Magic:  0/14       EV: 12    Int: 16    God:
Gold:   205        SH:  5    Dex: 12    Spells: 1/16 levels left

rFire   . . .        j - +10 dagger "Myvetul" {heavy, Stlth+}
rCold   + . .        (no shield)
rNeg    + + +        a - +1 robe
rPois   ∞            (no helmet)
rElec   .            (no cloak)
rCorr   .            (no gloves)
SInv    .            (no boots)
Will    .....        b - amulet of reflection
Stlth   +++          e - ring of protection from fire
HPRegen 0.28/turn    (no ring)
MPRegen 0.14/turn

%: reflection, faith
@: very slightly contaminated
A: cold resistance 1, negative energy resistance 3, torment resistance 2, heat
vulnerability 1, in touch with death 1, no potions, faith
a: no special abilities


You were on level 6 of the Dungeon.
You visited 1 branch of the dungeon, and saw 5 of its levels.
You also visited: Sewer.

You collected 205 gold pieces.

Inventory:

Hand Weapons
 c - a +0 spear
 g - a +1 sling
 j - the +10 dagger "Myvetul" (weapon) {heavy, Stlth+}
   (You found it on level 4 of the Dungeon)

   Stlth:     It makes you more stealthy.
Missiles
 d - a throwing net (quivered)
Armour
 a - a +1 robe (worn)
Jewellery
 b - an amulet of reflection (around neck)
 e - a ring of protection from fire (left hand)
Scrolls
 f - 2 scrolls of amnesia
 h - a scroll of noise
 i - a scroll of immolation
 k - 2 scrolls of identify


   Skills:
 * Level 2.2 Fighting
 * Level 0.1 Short Blades
 - Level 2.0 Polearms
 - Level 2.0 Ranged Weapons
 * Level 1.2 Throwing
 * Level 1.5 Armour
 * Level 2.2 Dodging
 * Level 2.6 Stealth
 * Level 5.1 Spellcasting
 * Level 5.4 Necromancy


You had one spell level left.
You knew the following spells:

 Your Spells              Type           Power      Damage    Failure   Level
a - Necrotise             Necr           100%       1d9       1%          1
b - Vampiric Draining     Necr           32%        2d8       4%          3
c - Animate Dead          Necr           32%        N/A       16%         4
d - Agony                 Necr           32%        N/A       41%         5
e - Poisonous Vapours     Pois/Air       8%         N/A       22%         2

Your spell library contained the following spells:

 Spells                   Type           Power      Damage    Failure   Level
 Sting                    Tmut/Pois      16%        1d3       16%         1
 Ozocubu's Armour         Ice            4%         N/A       41%         3
 Anguish                  Hex/Necr       9%         N/A       45%         4
 Cause Fear               Hex            2%         N/A       83%         4
 Freezing Cloud           Conj/Ice/Air   2%         6-21      99%         5
 Enfeeble                 Hex            2%         N/A       100%        7


Dungeon Overview and Level Annotations

Branches:
Dungeon (4/15)              Sewer (visited)
 Temple: D:4-7

Altars:
Okawaru
Qazlal

Annotations:
D:4 2 runed translucent doors


Innate Abilities, Weirdness & Mutations

You are immune to poison.
Your flesh is cold resistant. (rC+)
You are immune to negative energy. (rN+++)
You are immune to unholy pain and torment.
You are vulnerable to heat. (rF-)
You are in touch with the powers of death.
You do not drink.
You have a special connection with the divine. (Faith)


Message History

You hear strange and distant voices.
You resist. The black bear bites you. The black bear claws you. x2
Casting: Vampiric Draining (dangerous; 4% risk of failure)
Confirm with . or Enter, or press ? or * to list all spells.
Aiming: Vampiric Draining (dangerous; 4% risk of failure)
Press: ? - help, Shift-Dir - straight line, f/p - black bear
Aim: a black bear (heavily wounded)
You feel a surge of power!
You draw life force from the black bear.
You feel life coursing into your body. The black bear bites you.
The black bear closely misses you. The black bear claws you.
Casting: Vampiric Draining (dangerous; 4% risk of failure)
Confirm with . or Enter, or press ? or * to list all spells.
Okay, then.
Casting: Vampiric Draining (dangerous; 4% risk of failure)
Confirm with . or Enter, or press ? or * to list all spells.
Aiming: Poisonous Vapours (safe; 22% risk of failure)
Press: ? - help, Dir - move target, f/p - black bear
Aim: a black bear (severely wounded) Poisonous vapours surround the black bear!
The black bear is poisoned.
The black bear goes berserk!
Unknown command.
You puncture the black bear!
The black bear is almost dead.
You block the black bear's attack.
The black bear claws you but does no damage. x2
The black bear bites you. The black bear claws you. x2
You hit the black bear but do no damage.
The black bear is almost dead.
The black bear bites you! The black bear barely misses you.
You block the black bear's attack. The black bear barely misses you. x2
The black bear claws you.
The black bear attacks as you move away!
You block the black bear's attack. x2; The black bear barely misses you.
The black bear bites you!
* * * LOW HITPOINT WARNING * * *
The black bear claws you.
* * * LOW HITPOINT WARNING * * *
The black bear claws you.
You die...

#.#...# #
#.....#
#.#.##..#
#.#.....#
#......## #+# #
###.#### #.. .#
#.# #.###.# #.#
###.....# #.#
#.+@._[.+
#.#####.#h....#
#....##.#.###.#
####.##.#.....#
#<##.#'###+#
#..)....#
####.#### #...
#####


You could see a black bear (berserk, poisoned).

Vanquished Creatures
  A steam dragon (D:4)
  An acid dragon (D:4)
  A bullfrog (D:4)
  A scorpion (D:3)
  A killer bee (D:4)
  A hound (D:4)
  A gnoll (D:1)
  11 adders
  5 river rats (Sewer)
  A worm (D:4)
  2 dart slugs
  An orc (D:6)
  3 ball pythons (D:4)
  4 endoplasms
  3 giant cockroaches
  5 goblins
  8 hobgoblins
  2 jackals (Sewer)
  7 kobolds
  3 quokkas
  8 bats
  3 frilled lizards
  A rat (D:1)
74 creatures vanquished.

Vanquished Creatures (collateral kills)
  2 jellies (D:4)
  A river rat (Sewer)
  2 worms (D:4)
  A dart slug (D:4)
  3 ball pythons (D:1)
  An endoplasm (Sewer)
  A goblin (D:1)
  A frilled lizard (D:1)
  A kobold (D:4)
13 creatures vanquished.

Vanquished Creatures (others)
  A killer bee zombie (D:4)
  A jelly zombie (D:4)
  A giant cockroach zombie (Sewer)
  A quokka zombie (Sewer)
4 creatures vanquished.

Grand Total: 91 creatures vanquished

Notes
Turn   | Place    | Note
-------+----------+-------------------------------------------
     0 | D:1      | ChrisAssaf the Mummy Necromancer began the quest for the
                  | Orb.
     0 | D:1      | Reached XP level 1. HP: 13/13 MP: 4/4
   190 | D:1      | Reached XP level 2. HP: 14/19 MP: 1/5
   439 | D:1      | Gained mutation: You are in touch with the powers of death.
                  | [Mummy growth]
   439 | D:1      | Reached XP level 3. HP: 25/25 MP: 7/7
   443 | D:1      | Learned a level 3 spell: Vampiric Draining
   575 | D:2      | Identified the +10 short sword "Soxikk" {holy, rElec rF+
                  | rC-}
   655 | D:3      | Reached skill level 1 in Polearms
   702 | D:3      | Found an iron altar of Okawaru.
   736 | D:3      | Noticed a scorpion
   741 | D:3      | Killed a scorpion
   742 | D:3      | Reached XP level 4. HP: 31/31 MP: 1/9
   747 | D:3      | Learned a level 4 spell: Animate Dead
  1113 | D:4      | Found a large runed translucent door.
  1113 | D:4      | Found a large runed translucent door.
  1119 | D:4      | Noticed an acid dragon
  1121 | D:4      | Noticed a steam dragon
  1136 | D:4      | Reached XP level 5. HP: 36/36 MP: 2/10
  1137 | D:4      | Found a large runed translucent door.
  1137 | D:4      | Found a large runed translucent door.
  1299 | D:4      | Found a glowing drain.
  1330 | Sewer    | Entered a sewer
  1529 | Sewer    | Reached skill level 1 in Ranged Weapons
  1539 | Sewer    | Reached skill level 1 in Fighting
  1645 | Sewer    | Reached XP level 6. HP: 40/43 MP: 0/12
  1670 | Sewer    | Learned a level 5 spell: Agony
  1858 | Sewer    | Reached skill level 1 in Armour
  2309 | D:4      | Got the Parchment of Unclean Hypothermia
  2478 | D:4      | Reached skill level 5 in Necromancy
  2836 | D:4      | Killed a steam dragon
  2837 | D:4      | Reached skill level 1 in Throwing
  2837 | D:4      | Reached XP level 7. HP: 50/50 MP: 12/14
  2863 | D:4      | Identified the +10 dagger "Myvetul" {heavy, Stlth+}
  2899 | D:4      | Reached skill level 5 in Spellcasting
  2902 | D:4      | Learned a level 2 spell: Poisonous Vapours
  2979 | D:4      | You fall into a shaft and drop 2 floors!
  3005 | D:6      | Found a stormy altar of Qazlal.
  3015 | D:6      | Slain by a black bear

Illustrated notes

Levels and vault maps discovered:
D:1:      psy_arrival_statuary, layout_rooms
D:2:      layout_basic
D:3:      layout_basic, mainiacjoe_overflow_cross_hatched,
          shapermc_ecumenical_altar_gd, minmay_snake_closets
D:4:      layout_loops_ring, cheibrodos_sewer_entry_bend, serial_bayou_lagoon_a,
          minmay_hollow_rounded_squares
D:6:      layout_loops_cross, nicolae_uskayaw_dance_hall,
          mainiacjoe_overflow_six_doors_small, nicolae_tso_besieged_by_evil,
          uniq_blork_the_orc, uniq_eustachio

Skill      XL: |  1  2  3  4  5  6  7 |
---------------+----------------------+-----
Spellcasting   | 3 4 5 |  5.1
Polearms       | 1 2 |  2.0
Stealth        | 2 |  2.6
Ranged Weapons | 1 2 |  2.0
Fighting       | 1 2 |  2.2
Armour         | 1 |  1.5
Dodging        | 2 |  2.2
Necromancy     | 5 |  5.4
Throwing       | 1 |  1.2
Short Blades   | |  0.1

Action                     |  1- 3 |  4- 6 |  7- 9 || total
---------------------------+-------+-------+-------++-------
  Melee: Unarmed           |     1 |       |       ||     1
         Spear             |    26 |       |       ||    26
         Dagger            |       |       |     7 ||     7
   Fire: Sling             |     5 |    67 |     9 ||    81
   Cast: Necrotise         |    25 |    32 |       ||    57
         Vampiric Draining |     6 |    19 |     6 ||    31
         Animate Dead      |       |     2 |       ||     2
         Poisonous Vapours |       |       |     2 ||     2
         Agony             |       |       |     1 ||     1
    Use: Scroll            |     3 |    11 |       ||    14
 Armour: Robe              |    20 |     8 |     3 ||    31
  Dodge: Dodged            |    60 |    52 |    14 ||   126
  Block: Other             |       |    13 |     4 ||    17
         Reflection        |       |     1 |       ||     1
